 Dungeon Crawl Stone Soup version 0.23.2-30-g0e89c35649 (webtiles) character file.

Game seed: 490530430662901738

1067 simile the Insei (level 8, 0/54 HPs)
             Began as an Octopode Transmuter on June 10, 2019.
             Slain by a phantom (7 damage)
             ... on level 5 of the Dungeon.
             The game lasted 00:15:10 (6507 turns).

simile the Insei (Octopode Transmuter)              Turns: 6507, Time: 00:15:10

Health: 0/54       AC:  6    Str: 14    XL:     8   Next: 28%
Magic:  13/13      EV: 13    Int: 15    God:
Gold:   323        SH:  0    Dex: 14    Spells: 4/14 levels left

rFire    . . .     SeeInvis .   b - +3 hand axe
rCold    . . .     Gourm    .   (no shield)
rNeg     . . .     Faith    .   u - +2 hat
rPois    .         Spirit   .   q - amulet of magic regeneration
rElec    .         Reflect  .   e - +3 ring of protection
rCorr    .         Harm     .   r - +4 ring of strength
MR       .....                  (no ring)
Stlth    +++.......             (no ring)
HPRegen  0.18/turn              (no ring)
MPRegen  0.38/turn              (no ring)
                                (no ring)
                                (no ring)

@: no status effects
A: almost no armour, stealthy swim, amphibious, 8 rings, constrict 8, camouflage
1, gelatinous body 1
a: no special abilities


You were on level 5 of the Dungeon.
You were not hungry.

You visited 1 branch of the dungeon, and saw 5 of its levels.

You collected 323 gold pieces.

Inventory:

Hand Weapons
 b - a +3 hand axe (weapon)
 z - a +0 hand axe of flaming
Missiles
 a - 74 arrows
Armour
 l - a +0 buckler
 u - a +2 hat (worn)
Jewellery
 e - a +3 ring of protection (left tentacle)
 q - an amulet of magic regeneration (around mantle)
 r - a +4 ring of strength (right tentacle)
Wands
 j - a wand of scattershot (1)
 v - a wand of disintegration (11)
 A - a wand of random effects (15)
Scrolls
 f - 4 scrolls of remove curse {unknown}
 g - a scroll of immolation {unknown}
 h - a scroll of enchant armour {unknown}
 k - 4 scrolls of teleportation
 m - a scroll of fear {unknown}
 n - 2 scrolls of identify {unknown}
 s - a scroll of amnesia {unknown}
 y - a scroll of noise {unknown}
Potions
 d - a potion of magic {unknown}
 i - 3 potions of agility {unknown}
 o - 2 potions of curing {unknown}
 p - a potion of cancellation {unknown}
 t - a potion of degeneration {unknown}
 x - 2 potions of heal wounds
Comestibles
 c - 9 rations


   Skills:
 + Level 4.1 Fighting
 - Level 2.0 Dodging
 - Level 0.9 Stealth
 * Level 5.2 Unarmed Combat
 + Level 3.8 Spellcasting
 + Level 4.5 Transmutations
 * Level 2.0 Ice Magic
 * Level 4.4 Poison Magic


You had 4 spell levels left.
You knew the following spells:

 Your Spells              Type           Power        Failure   Level  Hunger
a - Beastly Appendage     Tmut           ###...       3%          1    None
b - Sticks to Snakes      Tmut           ###.....     4%          2    ##.....
c - Spider Form           Tmut/Pois      ###.......   9%          3    ###....
d - Ice Form              Ice/Tmut       ##......     43%         4    ####...

Your spell library contained the following spells:

 Spells                   Type           Power        Failure   Level  Hunger
 Blade Hands              Tmut           ###.......   63%         5    ######.


Dungeon Overview and Level Annotations

Branches:
Dungeon (5/15)
 Temple: D:4-7

Altars:
Ashenzari
Gozag
Sif Muna
Xom

Annotations:
D:2 exclusion: downstairs
D:3 1 transporter


Innate Abilities, Weirdness & Mutations

You cannot wear most types of armour.
You are very stealthy in the water. (Stealth+)
You are amphibious.
You can wear up to eight rings at the same time.
You can use your tentacles to constrict eight enemies at once.
Your skin changes colour to match your surroundings (Stealth+).
Your rubbery body absorbs attacks. (AC +1, EV +1)


Message History

The phantom hits you.
* * * LOW HITPOINT WARNING * * *
You hit the phantom. Your squeeze misses the phantom.
The phantom is almost destroyed.
The phantom hits you.
* * * LOW HITPOINT WARNING * * *
You barely miss the phantom.
The phantom is almost destroyed.
The phantom hits you.
* * * LOW HITPOINT WARNING * * *
The phantom blinks! x2
There is an open door here.
The phantom blinks!
You miss the phantom.
The phantom is almost destroyed.
The phantom hits you but does no damage.
You hit the phantom.
The phantom is almost destroyed.
The phantom hits you!
You die...

#....# #....# #....# #....#
####### #....# #.....# ###....#
#.###.# #......# #.#...#
#########....######.#.###
..)..........'..@W.>#.#
.###)####....########.#########
.# #.# #.[..# #.........# .#
#.# #....# ##############.# .#
#.# #....# #.......######.# .#
#.# #....# #.#####.#....#.#
.###.# ###### #.# #.#.##.#.#
..##W### #.# #.#..#.#.##
...)...# #.#####....#....#


You could see a phantom.

Vanquished Creatures
  A phantom (D:5)
  2 centaurs (D:5)
  A scorpion (D:4)
  A howler monkey (D:4)
  A crimson imp (D:3)
  A bullfrog skeleton (D:5)
  3 orc priests
  3 hounds
  4 orc wizards
  Ijyb (D:4)
  Terence (D:3)
  4 worker ants
  A hound zombie (D:3)
  2 hound skeletons
  7 adders
  A worm (D:3)
  2 dart slugs
  A leopard gecko (D:3)
  15 orcs
  3 ball pythons
  5 bats
  4 giant cockroaches
  5 goblins
  7 hobgoblins
  9 jackals
  9 kobolds
  9 frilled lizards
  13 rats
116 creatures vanquished.

Vanquished Creatures (collateral kills)
  A worker ant (D:4)
  An adder (D:4)
2 creatures vanquished.

Grand Total: 118 creatures vanquished

Notes
Turn   | Place    | Note
-------+----------+-------------------------------------------
     0 | D:1      | simile the Octopode Transmuter began the quest for the Orb.
     0 | D:1      | Reached XP level 1. HP: 13/13 MP: 3/3
   312 | D:1      | Reached XP level 2. HP: 18/18 MP: 5/5
   319 | D:1      | Learned a level 2 spell: Sticks to Snakes
   812 | D:2      | Reached XP level 3. HP: 23/23 MP: 6/6
   817 | D:2      | Learned a level 3 spell: Spider Form
  1277 | D:2      | Found an opulent altar of Gozag.
  1666 | D:2      | Reached skill level 1 in Poison Magic
  1765 | D:2      | Reached XP level 4. HP: 28/28 MP: 7/7
  2129 | D:3      | Found a transporter.
  2173 | D:3      | Reached skill level 4 in Unarmed Combat
  2231 | D:3      | Found a shimmering altar of Xom.
  2407 | D:3      | Reached XP level 5. HP: 31/33 MP: 8/8
  2533 | D:3      | Noticed Terence
  2984 | D:3      | Found a shattered altar of Ashenzari.
  3049 | D:3      | Killed Terence
  3578 | D:3      | Reached XP level 6. HP: 39/39 MP: 3/9
  3821 | D:3      | Found a deep blue altar of Sif Muna.
  4079 | D:3      | Found a transporter.
  4243 | D:3      | Learned a level 4 spell: Ice Form
  4632 | D:4      | Reached XP level 7. HP: 39/45 MP: 11/11
  5048 | D:4      | Noticed Ijyb
  5063 | D:4      | Killed Ijyb
  5068 | D:4      | Found a shimmering altar of Xom.
  5310 | D:5      | Entered Level 5 of the Dungeon
  5371 | D:5      | Reached skill level 5 in Unarmed Combat
  5561 | D:5      | Reached skill level 1 in Ice Magic
  5659 | D:5      | Reached XP level 8. HP: 13/53 MP: 13/13
  6507 | D:5      | Slain by a phantom

Skill      XL: |  1  2  3  4  5  6  7  8 |
---------------+-------------------------+-----
Poison Magic   | 1 2 3 4 |  4.4
Unarmed Combat | 4 5 |  5.2
Fighting       | 2 3 4 |  4.1
Transmutations | 3 4 |  4.5
Spellcasting   | 3 |  3.8
Ice Magic      | 1 2 |  2.0
Dodging        | |  2.0
Stealth        | |  0.9

Action                   |  1- 3 |  4- 6 |  7- 9 || total
-------------------------+-------+-------+-------++-------
Melee: Unarmed           |     5 |     5 |     8 ||    18
       Hand axe          |    63 |   105 |    99 ||   267
       Tentacles         |     6 |    22 |    22 ||    50
       Constrict         |    10 |    32 |    16 ||    58
       Punch             |     1 |     4 |     2 ||     7
 Cast: Beastly Appendage |     1 |       |       ||     1
       Sticks to Snakes  |       |    10 |       ||    10
       Spider Form       |       |     1 |     1 ||     2
Evoke: Wand              |       |     1 |       ||     1
  Use: Scroll            |       |     1 |       ||     1
 Stab: Sleeping          |     6 |     5 |     4 ||    15
       Distracted        |     1 |       |       ||     1
  Eat: Chunk             |     3 |     9 |     7 ||    19
Armor: Skin              |     6 |    13 |    29 ||    48
Dodge: Dodged            |    47 |    79 |    48 ||   174
